| TOP OF THE 1ST |
|
Texas Rangers batting - Pitching for Kansas City Royals : RHP Dan Petry
|
|
Pitching: RHP Dan Petry
|
|
|
Batting: LHB Lenny Dykstra
|
0-0: Called Strike 0-1: Ball 1-1: Ball 2-1: Ball 3-1: Fly out, F8 (Flyball, 8RM, EV 82.5 MPH)
|
|
Batting: RHB Kirby Puckett
|
0-0: Ball 1-0: Fly out, F8 (Flyball, 8LD, EV 105.6 MPH)
|
|
Batting: RHB Steve Garvey
|
0-0: Foul Ball, location: 2F 0-1: Ball 1-1: Foul Ball, location: 2F 1-2: Ball 2-2: Ball 3-2: Foul Ball, location: 2F 3-2: Ground out 5-3 (Groundball, 5S, EV 91.3 MPH)
|
| Top of the 1st over - 0 runs, 0 hits, 0 errors, 0 left on base; Texas 0 - Kansas City 0 |
| BOTTOM OF THE 1ST |
|
Kansas City Royals batting - Pitching for Texas Rangers : RHP Pascual Perez
|
|
Pitching: RHP Pascual Perez
|
|
|
Batting: LHB Rick Manning
|
0-0: Ball 1-0: Fly out, F8 (Line Drive, 8RM, EV 100.0 MPH)
|
|
Batting: RHB Rickey Henderson
|
0-0: Swinging Strike 0-1: Fly out, F7 (Flyball, 7D, EV 102.5 MPH)
|
|
Batting: LHB Alvin Davis
|
0-0: Ground out U3 (Groundball, 3L, EV 104.4 MPH)
|
| Bottom of the 1st over - 0 runs, 0 hits, 0 errors, 0 left on base; Texas 0 - Kansas City 0 |
| TOP OF THE 2ND |
|
Texas Rangers batting - Pitching for Kansas City Royals : RHP Dan Petry
|
|
Batting: RHB Steve Balboni
|
0-0: Ball 1-0: Ball 2-0: Fly out, F3 (Popup, 3, EV 73.1 MPH)
|
|
Batting: LHB Dallas Williams
|
0-0: Called Strike 0-1: Fly out, F9 (Line Drive, 9, EV 97.5 MPH)
|
|
Batting: LHB Richie Hebner
|
0-0: Ball 1-0: Called Strike 1-1: Ball 2-1: Foul Ball, location: 2F 2-2: Foul Ball, location: 2F 2-2: Foul Ball, location: 2F 2-2: Foul Ball, location: 2F 2-2: Foul Ball, location: 2F 2-2: Ball 3-2: Foul Ball, location: 2F 3-2: Base on Balls
|
|
Batting: LHB Ernie Whitt
|
0-0: Ball 1-0: Called Strike 1-1: Called Strike 1-2: Fielders Choice at 2nd, 6-4 (Groundball, 6, EV 102.5 MPH)
|
| Top of the 2nd over - 0 runs, 0 hits, 0 errors, 1 left on base; Texas 0 - Kansas City 0 |
| BOTTOM OF THE 2ND |
|
Kansas City Royals batting - Pitching for Texas Rangers : RHP Pascual Perez
|
|
Batting: RHB Bob Horner
|
0-0: Ball 1-0: Called Strike 1-1: Called Strike 1-2: Ground out 5-3 (Groundball, 5, EV 86.3 MPH)
|
|
Batting: RHB Gary Carter
|
0-0: Called Strike 0-1: Fly out, F8 (Flyball, 8RXD, EV 81.9 MPH)
|
|
Batting: LHB Gene Richards
|
0-0: Ball 1-0: Foul Ball, location: 2F 1-1: SINGLE (Line Drive, 78M, EV 92.5 MPH)
|
|
Batting: LHB Jim Eisenreich
|
0-0: Called Strike 0-1: Ball 1-1: Swinging Strike 1-2: Strikes out swinging
|
| Bottom of the 2nd over - 0 runs, 1 hit, 0 errors, 1 left on base; Texas 0 - Kansas City 0 |
| TOP OF THE 3RD |
|
Texas Rangers batting - Pitching for Kansas City Royals : RHP Dan Petry
|
|
Batting: RHB Juan Rodriguez
|
0-0: Called Strike 0-1: Swinging Strike 0-2: Foul Ball, location: 2F 0-2: Ball 1-2: Ball 2-2: Ball 3-2: Fly out, F9 (Flyball, 9S, EV 82.5 MPH)
|
|
Batting: RHB Kim Andrew
|
0-0: Fly out, F8 (Flyball, 8LD, EV 86.9 MPH)
|
|
Batting: LHB Lenny Dykstra
|
0-0: Swinging Strike 0-1: Fly out, F7 (Line Drive, 7, EV 91.3 MPH)
|
| Top of the 3rd over - 0 runs, 0 hits, 0 errors, 0 left on base; Texas 0 - Kansas City 0 |
| BOTTOM OF THE 3RD |
|
Kansas City Royals batting - Pitching for Texas Rangers : RHP Pascual Perez
|
|
Batting: RHB Adrian Monrreal
|
0-0: Called Strike 0-1: Ground out 4-3 (Groundball, 4S, EV 84.4 MPH)
|
|
Batting: RHB Charlie O'Brien
|
0-0: Ball 1-0: Swinging Strike 1-1: Swinging Strike 1-2: Foul Ball, location: 2F 1-2: Foul Ball, location: 2F 1-2: Ground out 5-3 (Groundball, 5, EV 103.1 MPH)
|
|
Batting: LHB Rick Manning
|
0-0: Ball 1-0: Foul Ball, location: 2F 1-1: Ball 2-1: Foul Ball, location: 2F 2-2: Ground out 4-3 (Groundball, 4M, EV 82.5 MPH)
|
| Bottom of the 3rd over - 0 runs, 0 hits, 0 errors, 0 left on base; Texas 0 - Kansas City 0 |
| TOP OF THE 4TH |
|
Texas Rangers batting - Pitching for Kansas City Royals : RHP Dan Petry
|
|
Batting: RHB Kirby Puckett
|
0-0: Swinging Strike 0-1: Called Strike 0-2: Ground out 6-3 (Groundball, 56, EV 83.8 MPH)
|
|
Batting: RHB Steve Garvey
|
0-0: Called Strike 0-1: Ball 1-1: Called Strike 1-2: Foul Ball, location: 2F 1-2: Fly out, F9 (Flyball, 9LD, EV 89.4 MPH)
|
|
Batting: RHB Steve Balboni
|
0-0: Called Strike 0-1: Ball 1-1: Ball 2-1: Foul Ball, location: 2F 2-2: Ball 3-2: Fly out, F8 (Line Drive, 8RD, EV 99.4 MPH)
|
| Top of the 4th over - 0 runs, 0 hits, 0 errors, 0 left on base; Texas 0 - Kansas City 0 |
| BOTTOM OF THE 4TH |
|
Kansas City Royals batting - Pitching for Texas Rangers : RHP Pascual Perez
|
|
Batting: RHB Rickey Henderson
|
0-0: Called Strike 0-1: Foul Ball, location: 2F 0-2: Ball 1-2: Strikes out swinging
|
|
Batting: LHB Alvin Davis
|
0-0: Foul Ball, location: 2F 0-1: Foul Ball, location: 2F 0-2: Strikes out looking
|
|
Batting: RHB Bob Horner
|
0-0: Called Strike 0-1: Called Strike 0-2: Fly out, F9 (Flyball, 89M, EV 95.0 MPH)
|
| Bottom of the 4th over - 0 runs, 0 hits, 0 errors, 0 left on base; Texas 0 - Kansas City 0 |
| TOP OF THE 5TH |
|
Texas Rangers batting - Pitching for Kansas City Royals : RHP Dan Petry
|
|
Batting: LHB Dallas Williams
|
0-0: Ground out 1-3 (Groundball, 13S, EV 60.6 MPH)
|
|
Batting: LHB Richie Hebner
|
0-0: Called Strike 0-1: Foul Ball, location: 2F 0-2: Foul Ball, location: 2F 0-2: Ball 1-2: SINGLE (Groundball, 34D, EV 99.4 MPH)
|
|
Batting: LHB Ernie Whitt
|
0-0: Called Strike 0-1: Ball 1-1: 2-RUN HOME RUN (Flyball, 9LD, EV 95.0 MPH), Distance : 349 ft
|
|
Batting: RHB Juan Rodriguez
|
0-0: Ball 1-0: Foul Ball, location: 2F 1-1: Ground out 1-3 (Groundball, 23, EV 73.8 MPH)
|
|
Batting: RHB Kim Andrew
|
0-0: Ball 1-0: Foul Ball, location: 2F 1-1: Ground out U3 (Groundball, 3L, EV 82.5 MPH)
|
| Top of the 5th over - 2 runs, 2 hits, 0 errors, 0 left on base; Texas 2 - Kansas City 0 |
| BOTTOM OF THE 5TH |
|
Kansas City Royals batting - Pitching for Texas Rangers : RHP Pascual Perez
|
|
Batting: RHB Gary Carter
|
0-0: Ground out 6-3 (Groundball, 6, EV 96.9 MPH)
|
|
Batting: LHB Gene Richards
|
0-0: SINGLE (Line Drive, 7S, EV 98.1 MPH)
|
|
Batting: LHB Jim Eisenreich
|
0-0: Ball 1-0: Called Strike 1-1: Foul Ball, location: 2F 1-2: Strikes out looking
|
|
Batting: RHB Adrian Monrreal
|
0-0: DOUBLE (Groundball, 5L, EV 93.8 MPH) Gene Richards to third Runner from 3rd tries for Home, SAFE, throw by LF to home
|
|
Batting: RHB Charlie O'Brien
|
0-0: Fly out, F9 (Flyball, 9LM, EV 90.0 MPH)
|
| Bottom of the 5th over - 1 run, 2 hits, 0 errors, 1 left on base; Texas 2 - Kansas City 1 |
| TOP OF THE 6TH |
|
Texas Rangers batting - Pitching for Kansas City Royals : RHP Dan Petry
|
|
Batting: LHB Lenny Dykstra
|
0-0: Called Strike 0-1: Ball 1-1: Ball 2-1: TRIPLE (Line Drive, 89XD, EV 108.8 MPH)
|
|
Batting: RHB Kirby Puckett
|
0-0: SINGLE (Flyball, 89S, EV 96.9 MPH) Lenny Dykstra scores
|
|
Batting: RHB Steve Garvey
|
0-0: Called Strike 0-1: Ball 1-1: Foul Ball, location: 2F 1-2: Foul Ball, location: 2F 1-2: Fly out, F8 (Flyball, 8LD, EV 104.4 MPH)
|
|
Batting: RHB Steve Balboni
|
0-0: Ball Kirby Puckett steals 2nd base 1-0: Called Strike 1-1: Ball 2-1: Swinging Strike 2-2: Fly out, F8 (Flyball, 8RD, EV 83.8 MPH)
|
|
Batting: LHB Dallas Williams
|
0-0: Foul Ball, location: 2F 0-1: Fly out, F9 (Line Drive, 9, EV 94.4 MPH)
|
| Top of the 6th over - 1 run, 2 hits, 0 errors, 1 left on base; Texas 3 - Kansas City 1 |
| BOTTOM OF THE 6TH |
|
Kansas City Royals batting - Pitching for Texas Rangers : RHP Pascual Perez
|
|
Batting: LHB Rick Manning
|
0-0: Swinging Strike 0-1: Foul Ball, location: 2F 0-2: Foul Ball, location: 2F 0-2: Foul Ball, location: 2F 0-2: Foul Ball, location: 2F 0-2: Ball 1-2: Ground out 4-3 (Groundball, 4, EV 93.1 MPH)
|
|
Batting: RHB Rickey Henderson
|
0-0: Ball 1-0: Fly out, F9 (Flyball, 9LS, EV 88.1 MPH)
|
|
Batting: LHB Alvin Davis
|
0-0: Called Strike 0-1: Called Strike 0-2: Ball 1-2: Foul Ball, location: 2F 1-2: Strikes out swinging
|
| Bottom of the 6th over - 0 runs, 0 hits, 0 errors, 0 left on base; Texas 3 - Kansas City 1 |
| TOP OF THE 7TH |
|
Texas Rangers batting - Pitching for Kansas City Royals : RHP Dan Petry
|
|
Batting: LHB Richie Hebner
|
0-0: Swinging Strike 0-1: Ball 1-1: Ball 2-1: Called Strike 2-2: Ground out U3 (Groundball, 34, EV 110.0 MPH)
|
|
Batting: LHB Ernie Whitt
|
0-0: Ball 1-0: Ground out 6-3 (Groundball, 6, EV 91.9 MPH)
|
|
Batting: RHB Juan Rodriguez
|
0-0: Called Strike 0-1: Fly out, F8 (Flyball, 8RS, EV 97.5 MPH)
|
| Top of the 7th over - 0 runs, 0 hits, 0 errors, 0 left on base; Texas 3 - Kansas City 1 |
| BOTTOM OF THE 7TH |
|
Kansas City Royals batting - Pitching for Texas Rangers : RHP Pascual Perez
|
|
Batting: RHB Bob Horner
|
0-0: Foul Ball, location: 2F 0-1: Ball 1-1: Foul Ball, location: 2F 1-2: Ball 2-2: Ground out 5-3 (Groundball, 5, EV 86.9 MPH)
|
|
Batting: RHB Gary Carter
|
0-0: Ball 1-0: Fly out, F6 (Popup, P, EV 82.5 MPH)
|
|
Batting: LHB Gene Richards
|
0-0: Fly out, F9 (Flyball, 9, EV 75.0 MPH)
|
| Bottom of the 7th over - 0 runs, 0 hits, 0 errors, 0 left on base; Texas 3 - Kansas City 1 |
| TOP OF THE 8TH |
|
Texas Rangers batting - Pitching for Kansas City Royals : RHP Dan Petry
|
|
Batting: RHB Kim Andrew
|
0-0: Called Strike 0-1: Ground out 5-3 (Groundball, 5, EV 82.5 MPH)
|
|
Batting: LHB Lenny Dykstra
|
0-0: Called Strike 0-1: Foul Ball, location: 2F 0-2: Ball 1-2: Foul Ball, location: 2F 1-2: Fly out, F9 (Line Drive, 9, EV 91.3 MPH)
|
|
Batting: RHB Kirby Puckett
|
0-0: Fly out, F8 (Flyball, 8RXD, EV 81.3 MPH)
|
| Top of the 8th over - 0 runs, 0 hits, 0 errors, 0 left on base; Texas 3 - Kansas City 1 |
| BOTTOM OF THE 8TH |
|
Kansas City Royals batting - Pitching for Texas Rangers : RHP Pascual Perez
|
|
Batting: LHB Jim Eisenreich
|
0-0: Ball 1-0: Called Strike 1-1: Foul Ball, location: 2F 1-2: Ball 2-2: Ball 3-2: Fly out, F8 (Line Drive, 8RM, EV 95.6 MPH)
|
|
Batting: RHB Adrian Monrreal
|
0-0: Fly out, F4 (Line Drive, 4, EV 63.1 MPH)
|
|
Batting: RHB Charlie O'Brien
|
0-0: Ball 1-0: Ball 2-0: Called Strike 2-1: Ball 3-1: Foul Ball, location: 2F 3-2: Ground out 5-3 (Groundball, 5S, EV 82.5 MPH)
|
| Bottom of the 8th over - 0 runs, 0 hits, 0 errors, 0 left on base; Texas 3 - Kansas City 1 |
| TOP OF THE 9TH |
|
Texas Rangers batting - Pitching for Kansas City Royals : RHP Dan Petry
|
|
Batting: RHB Steve Garvey
|
0-0: Ground out 6-3 (Groundball, 6, EV 95.0 MPH)
|
|
Batting: RHB Steve Balboni
|
0-0: Swinging Strike 0-1: Ball 1-1: Swinging Strike 1-2: Ball 2-2: Strikes out swinging
|
|
Batting: LHB Dallas Williams
|
0-0: Called Strike 0-1: Foul Ball, location: 2F 0-2: Ball 1-2: Ball 2-2: Ball 3-2: Foul Ball, location: 2F 3-2: Ground out U3 (Groundball, 3L, EV 106.3 MPH)
|
| Top of the 9th over - 0 runs, 0 hits, 0 errors, 0 left on base; Texas 3 - Kansas City 1 |
| BOTTOM OF THE 9TH |
|
Kansas City Royals batting - Pitching for Texas Rangers : RHP Pascual Perez
|
|
Batting: LHB Rick Manning
|
0-0: SINGLE (Line Drive, 8RS, EV 90.0 MPH)
|
|
Batting: RHB Rickey Henderson
|
0-0: Swinging Strike 0-1: Ball 1-1: Ball 2-1: 2-RUN HOME RUN (Flyball, 8RXD, EV 88.1 MPH), Distance : 445 ft
|
|
Batting: LHB Alvin Davis
|
0-0: Swinging Strike 0-1: Ball 1-1: Called Strike 1-2: Strikes out swinging
|
|
Batting: RHB Bob Horner
|
0-0: Called Strike 0-1: Ball 1-1: Ball 2-1: Foul Ball, location: 2F 2-2: Ball 3-2: Foul Ball, location: 2F 3-2: Fly out, F3 (Popup, 34, EV 62.5 MPH)
|
|
Batting: RHB Gary Carter
|
0-0: Ball 1-0: Ball 2-0: Called Strike 2-1: Ball 3-1: Ground out 5-3 (Groundball, 56, EV 82.5 MPH)
|
| Bottom of the 9th over - 2 runs, 2 hits, 0 errors, 0 left on base; Texas 3 - Kansas City 3 |
| TOP OF THE 10TH |
|
Texas Rangers batting - Pitching for Kansas City Royals : RHP Dan Petry
|
|
Pitching: RHP Orel Hershiser
|
|
|
Batting: LHB Richie Hebner
|
0-0: Ball 1-0: Ball 2-0: Ball 3-0: Called Strike 3-1: Foul Ball, location: 2F 3-2: Base on Balls
|
|
Batting: LHB Ernie Whitt
|
0-0: Ball 1-0: Fielders Choice at 2nd, 6-4 (Groundball, 6, EV 108.8 MPH)
|
|
Batting: RHB Juan Rodriguez
|
0-0: Foul Ball, location: 2F 0-1: Ball Ernie Whitt steals 2nd base 1-1: Intentional Walk
|
|
Pinch Hitting: RHB George Bjorkman
|
0-0: Called Strike 0-1: Called Strike 0-2: Ball 1-2: Foul Ball, location: 2F 1-2: Foul Ball, location: 2F 1-2: Ball 2-2: Strikes out swinging
|
|
Batting: LHB Lenny Dykstra
|
0-0: Called Strike 0-1: Fly out, F7 (Flyball, 7LM, EV 96.3 MPH)
|
| Top of the 10th over - 0 runs, 0 hits, 0 errors, 2 left on base; Texas 3 - Kansas City 3 |
|